 Dungeon Crawl Stone Soup version 0.29-a0-553-g81b289dbe5 (webtiles) character file.

Game seed: 18218247542947333935

65 Hubjo the Insei (level 3, -2/24 HPs)
             Began as a Demonspawn Transmuter on June 6, 2022.
             Was a Follower of Hepliaklqana.
             Slain by an ufetubus (4 damage)
             ... on level 3 of the Dungeon.
             The game lasted 00:04:03 (2377 turns).

Hubjo the Insei (Demonspawn Transmuter)             Turns: 2377, Time: 00:04:03

Health: -2/24      AC:  3    Str: 10    XL:     3   Next: 92%
Magic:  5/6        EV: 12    Int: 14    God:    Hepliaklqana [*.....]
Gold:   68         SH:  0    Dex: 15    Spells: 5/6 levels left

rFire   + . .      SeeInvis .     - Unarmed
rCold   . . .      Faith    .   (no shield)
rNeg    . . .      Spirit   .   a - +0 robe
rPois   .          Reflect  .   (helmet currently unavailable)
rElec   .          Harm     .   (no cloak)
rCorr   .          Rampage  .   (no gloves)
Will    .....                   (boots currently unavailable)
Stlth   ++........              (no amulet)
HPRegen 0.08/turn               m - ring of protection from fire
MPRegen 0.10/turn               (no ring)

@: about to teleport, appendages (expiring)
A: horns 2, talons 2, reduced essence, sharp scales 1
a: End Transformation, Renounce Religion, Recall Ancestor, Ancestor Identity


You were on level 3 of the Dungeon.
You worshipped Hepliaklqana.
Hepliaklqana was aware of your devotion.
You had temporarily grown beastly horns and talons.
You visited 1 branch of the dungeon, and saw 3 of its levels.

You collected 68 gold pieces.

Inventory:

Hand Weapons
 i - a +1 dagger of electrocution
Armour
 a - a +0 robe (worn)
Jewellery
 m - a ring of protection from fire (left hand)
Scrolls
 c - 4 scrolls of blinking
 d - a scroll of fear {unknown}
 e - a scroll of immolation {unknown}
 f - a scroll of vulnerability
 h - 2 scrolls of fog {unknown}
 j - a scroll of enchant armour {unknown}
 k - a scroll of identify
 l - 2 scrolls of teleportation
 n - a scroll of poison
Potions
 b - a potion of lignification
 g - a potion of brilliance {unknown}
 o - 2 potions of attraction {unknown}
 p - 2 potions of curing {unknown}
 q - a potion of degeneration {unknown}


   Skills:
 * Level 2.2 Fighting
 - Level 1.7 Dodging
 + Level 1.2 Stealth
 + Level 3.0 Unarmed Combat
 + Level 2.3 Spellcasting
 + Level 2.2 Transmutations


You had 5 spell levels left.
You knew the following spells:

 Your Spells              Type           Power      Damage    Failure   Level
a - Beastly Appendage     Tmut           16%        N/A       9%          1

Your spell library contained the following spells:

 Spells                   Type           Power      Damage    Failure   Level
 Wereblood                Tmut           8%         N/A       14%         2
 Spider Form              Tmut/Pois      4%         N/A       41%         3
 Ice Form                 Ice/Tmut       4%         N/A       82%         4


Dungeon Overview and Level Annotations

Branches:
Dungeon (3/15)

Altars:
Hepliaklqana


Innate Abilities, Weirdness & Mutations

You have temporarily grown beastly horns and talons.
Your life essence is reduced to manifest your ancestor. (-10% HP)
You are partially covered in razor-sharp scales. (AC +1, Slay +1)


Message History

Your headbutt misses the ufetubus.
The ufetubus is almost dead.
The ufetubus barely misses you. The ufetubus completely misses you.
The orc hits you with a +0 hand axe. The ufetubus hits you. x2
You completely miss the ufetubus. Your kick misses the ufetubus.
Your headbutt misses the ufetubus.
The ufetubus is almost dead.
The ufetubus hits you. x2; The orc misses you.
You hit the orc. You claw the orc, but do no damage.
The orc is heavily wounded.
The ufetubus closely misses you. x2; The orc hits you but does no damage.
You barely miss the orc. Your kick misses the orc.
The orc is heavily wounded.
The ufetubus misses you. The ufetubus hits you.
* * * LOW HITPOINT WARNING * * *
The orc hits you but does no damage. The ufetubus barely misses you.
The ufetubus hits you.
* * * LOW HITPOINT WARNING * * *
You hit the orc. Your kick misses the orc.
The orc is heavily wounded.
Your transformation is almost over.
The ufetubus barely misses you. x2; The orc hits you with a +0 hand axe.
* * * LOW HITPOINT WARNING * * *
The quokka bites you.
* * * LOW HITPOINT WARNING * * *
Blink to where?
Press: ? - help, Dir - move target 2 orc priests come into view.
As you read the scroll of blinking, it crumbles to dust.
As you read the scroll of teleportation, it crumbles to dust.
You feel strangely unstable.
As you read the scroll labelled TIQELA TEUMM, it crumbles to dust.
It is a scroll of identify.
f - a scroll of vulnerability The orc priest shouts!
You hear a shout!
The orc priest shouts!
You hear a shout!
As you read the scroll of identify, it crumbles to dust.
n - a scroll of poison The ufetubus hits you.
You die...

#.#........ .
#####.#....##..
.....#........
..###....##.. ≈
#.#......# # ≈≈
#.#.#.#.># ≈≈≈
#......#.# ..≈≈
#......#.######
##≈≈≈###.#####..@..#
#8.8.8.......5....o...
+...)..#####..o..####.
#8.8.8.....or.....#
##≈≈≈###............#
..≈≈≈ #.............#
≈≈≈≈ #.............#
≈≈≈ #.............# ≈
#...........


You could see 2 orc priests, an orc, an ufetubus and a quokka.

Vanquished Creatures
  2 worms (D:3)
  A dart slug (D:2)
  3 orcs (D:3)
  7 ball pythons
  4 endoplasms
  A giant cockroach (D:1)
  5 hobgoblins
  3 jackals (D:1)
  5 kobolds
  3 quokkas (D:1)
  4 bats
  3 frilled lizards
  5 goblins
  3 rats (D:1)
49 creatures vanquished.

Notes
Turn   | Place    | Note
-------+----------+-------------------------------------------
     0 | D:1      | Hubjo the Demonspawn Transmuter began the quest for the
                  | Orb.
     0 | D:1      | Reached XP level 1. HP: 15/15 MP: 3/3
   115 | D:1      | You fall into a shaft and drop 1 floor!
   260 | D:1      | Gained mutation: You are partially covered in razor-sharp
                  | scales. (AC +1, Slay +1) [demonic ancestry]
   260 | D:1      | Reached XP level 2. HP: 5/21 MP: 3/5
   821 | D:1      | Reached XP level 3. HP: 27/27 MP: 6/6
   965 | D:1      | Reached skill level 1 in Stealth
  1675 | D:2      | Found a faded altar of an unknown god.
  1807 | D:2      | Prayed at the altar of an unknown god.
  1807 | D:2      | Became a worshipper of Hepliaklqana the Forgotten
  1807 | D:2      | Reached * piety under Hepliaklqana
  1892 | D:3      | Reached skill level 3 in Unarmed Combat
  2377 | D:3      | Slain by an ufetubus

Illustrated notes

Levels and vault maps discovered:
D:1:      tarquinn_simple_flora_water_c, layout_basic
D:2:      layout_basic, hellmonk_ecumenical_altar_inner_sanctum,
          minmay_misc_feat_doors
D:3:      layout_basic, kennysheep_orc_sif_temple, serial_shops, shop

Skill      XL: |  1  2  3 |
---------------+----------+-----
Transmutations | 2 |  2.2
Stealth        | 1 |  1.2
Fighting       | 2 |  2.2
Unarmed Combat | 3 |  3.0
Dodging        | |  1.7
Spellcasting   | |  2.3

Action                   || total
-------------------------++-------
Melee: Unarmed           ||   113
       Kick              ||    24
       Headbutt          ||    10
       Punch             ||     1
 Cast: Beastly Appendage ||    31
Invok: Ancestor Identity ||     1
  Use: Potion            ||     2
       Scroll            ||     6
 Stab: Sleeping          ||     1
Armor: Robe              ||    34
Dodge: Dodged            ||    90

Table legend: (Time is in decaauts)
 A = Elapsed time spent in this place.
 B = Non-inter-level travel time spent in this place.
 C = Inter-level travel time spent in this place.
 D = Time resting spent in this place.
 E = Time spent auto-exploring this place.
 F = Levels seen in this place.
 G = Mean time per level.
                   A        B        C        D        E       F      G
               +--------+--------+--------+--------+--------+-----+--------+
         Total |   2369 |   2268 |    101 |      0 |   1908 |   3 |  789.7 |
       Dungeon |   2369 |   2268 |    101 |      0 |   1908 |   3 |  789.7 |
               +--------+--------+--------+--------+--------+-----+--------+

Top non-repeatable levels by time:
     D:1: 1233 daAuts
     D:2: 579 daAuts
     D:3: 556 daAuts
